 Dungeon Crawl Stone Soup version 0.27-a0-1200-g94dc6ad4cf (webtiles) character file.

Game seed: 8713069034191883071

763 flotson the Covert (level 7, 0/60 HPs)
             Began as a Gnoll Delver on May 31, 2021.
             Was a Follower of Okawaru.
             Slain by Pikel
             ... wielding a +0 whip of electrocution
              (8 damage)
             ... on level 5 of the Dungeon.
             The game lasted 00:10:34 (7204 turns).

flotson the Covert (Gnoll Delver)                   Turns: 7204, Time: 00:10:35

Health: 0/60       AC:  8    Str: 13    XL:     7   Next: 81%
Magic:  11/11      EV: 12    Int: 10    God:    Okawaru [*.....]
Gold:   371        SH:  4    Dex: 13    Spells: 11/11 levels left

rFire    . . .     SeeInvis .   a - +2 whip (elec)
rCold    . . .     Faith    .   w - +0 buckler
rNeg     . . .     Spirit   .   o - +0 ring mail
rPois    +         Reflect  .   (no helmet)
rElec    .         Harm     .   x - +2 cloak {rPois}
rCorr    .         Rampage  .   (no gloves)
Will     .....                  (no boots)
Stlth    ++++......             (no amulet)
HPRegen  0.20/turn              (no ring)
MPRegen  0.12/turn              (no ring)

@: no status effects
A: fangs 1, strong nose, distributed training
a: Renounce Religion, Heroism


You were on level 5 of the Dungeon.
You worshipped Okawaru.
Okawaru was aware of your devotion.
You visited 2 branches of the dungeon, and saw 6 of its levels.

You collected 371 gold pieces.

Inventory:

Hand Weapons
 a - a +2 whip of electrocution (weapon)
 b - a +0 hunting sling
 c - a +0 trident
Missiles
 h - 10 boomerangs
 t - 80 sling bullets
 u - 4 datura-tipped darts (quivered)
Armour
 o - a +0 ring mail (worn)
 w - a +0 buckler (worn)
 x - a +2 cloak of poison resistance (worn)
Wands
 g - a wand of digging (3)
Scrolls
 d - 2 scrolls of magic mapping
 e - 2 scrolls of fear
 i - 2 scrolls of identify {unknown}
 j - a scroll of silence {unknown}
 k - 2 scrolls of teleportation {unknown}
 m - a scroll of fog
 p - 3 scrolls of blinking {unknown}
 v - 2 scrolls of enchant weapon {unknown}
 z - 2 scrolls of vulnerability {unknown}
Potions
 f - a potion of haste
 l - a potion of invisibility
 n - a potion of flight {unknown}
 q - 2 potions of curing {unknown}
 r - 2 potions of brilliance {unknown}
 s - a potion of ambrosia {unknown}


   Skills:
 + Level 7.1 Fighting
 + Level 2.7 Short Blades
 + Level 2.7 Long Blades
 + Level 2.7 Axes
 + Level 2.7 Maces & Flails
 + Level 5.3 Polearms
 + Level 2.7 Staves
 + Level 2.7 Slings
 + Level 2.7 Bows
 + Level 2.7 Crossbows
 + Level 2.7 Throwing
 + Level 2.7 Armour
 + Level 5.3 Dodging
 + Level 9.9 Stealth
 + Level 2.7 Shields
 + Level 2.7 Unarmed Combat
 + Level 2.7 Spellcasting
 + Level 2.2 Conjurations
 + Level 2.2 Hexes
 + Level 2.2 Summonings
 + Level 2.2 Necromancy
 + Level 2.2 Translocations
 + Level 2.2 Transmutations
 + Level 2.2 Fire Magic
 + Level 2.2 Ice Magic
 + Level 2.2 Air Magic
 + Level 2.2 Earth Magic
 + Level 2.2 Poison Magic
 + Level 3.0 Invocations
 + Level 2.7 Evocations


You had 11 spell levels left.
You didn't know any spells.
Your spell library contained the following spells:

 Spells                   Type           Power      Damage    Failure   Level
 Animate Skeleton         Necr           10%        N/A       28%         1
 Apportation              Tloc           10%        N/A       28%         1
 Beastly Appendage        Tmut           10%        N/A       28%         1
 Corona                   Hex            5%         N/A       28%         1
 Foxfire                  Conj/Fire      20%        2x1d5     28%         1
 Summon Small Mammal      Summ           20%        N/A       28%         1
 Wereblood                Tmut           5%         N/A       41%         2
 Conjure Flame            Conj/Fire      5%         6-21      65%         3
 Inner Flame              Hex/Fire       5%         N/A       65%         3
 Spider Form              Tmut/Pois      2%         N/A       65%         3
 Ice Form                 Ice/Tmut       5%         N/A       96%         4
 Sticky Flame             Conj/Fire      5%         2d3       96%         4
 Fireball                 Conj/Fire      2%         3d4       100%        5
 Hydra Form               Tmut           2%         N/A       100%        5


Dungeon Overview and Level Annotations

Branches:
Dungeon (5/15)             Temple (1/1) D:4

Altars:
Dithmenos
Elyvilon
Kikubaaqudgha
Okawaru
Ru
Trog
Vehumet
Zin

Annotations:
D:5 Pikel


Innate Abilities, Weirdness & Mutations

You have very sharp teeth.
Your uncanny sense of smell can sniff out nearby items.
Your experience applies equally to all skills.


Message History

The lemure hits you but does no damage.
A lemure comes into view.
The lemure shouts!
You whack the lemure!
The lemure is severely wounded.
You closely miss Pikel. You bite Pikel, but do no damage.
You block Pikel's attack.
You hit Pikel. Lightning courses through Pikel!
Pikel is moderately wounded.
Pikel barely misses you. Pikel hits you but does no damage.
You are electrocuted!
You miss Pikel. Your bite misses Pikel.
Pikel is moderately wounded.
You block Pikel's attack.
You hit Pikel but do no damage.
Pikel is moderately wounded.
Pikel hits you with a +0 whip of electrocution.
Pikel misses you.
You hit Pikel. You bite Pikel, but do no damage.
Pikel is moderately wounded.
Pikel hits you with a +0 whip of electrocution!
You are too injured to fight recklessly!
You are too injured to fight recklessly!
You are too injured to fight recklessly!
You are too injured to fight recklessly!
You are too injured to fight recklessly!
You are too injured to fight recklessly!
You are too injured to fight recklessly!
You hit Pikel but do no damage. Lightning courses through Pikel!
Pikel is severely wounded.
Pikel closely misses you. Pikel misses you.
You hit Pikel. Your bite misses Pikel.
Pikel is almost dead.
Pikel hits you with a +0 whip of electrocution.
You are electrocuted!
* * * LOW HITPOINT WARNING * * *
You barely miss Pikel.
Pikel is almost dead.
Pikel hits you with a +0 whip of electrocution!
You die...

#.## #.......# #.####.......# #.#
.....'.......# #.# #.####......##
#5# #'####......# #5# #.### ###
....##......# #5# #.#^. ...
....##......# #5# #.#.# #.#
....######### #K# #.#.# #.# #.###
#@# #)#.# #.# ..# ###### #.#
#.#.# #.# ..# ##....#
#.######.#.###.### ..#
#.....####................. #†#
#........########.#.###.##. #.###
#....#...# #.#......#. <...#
#....#...# #.#..#...#.
#>#.###....#...########.#..#.#.#.
...........'...'........####.#.#.


You could see Pikel (fast) and 4 lemures.

Vanquished Creatures
  A howler monkey (D:5)
  A hound (D:5)
  An orc priest (D:4)
  2 gnoll shamans
  Crazy Yiuf (D:3)
  Jessica (D:2)
  Terence (D:2)
  Natasha (thrice) (D:2)
  An iguana (D:4)
  20 gnolls
  7 adders
  A shadow imp (D:5)
  An ufetubus (D:5)
  A worm (D:2)
  4 dart slugs
  7 orcs
  7 bats
  5 endoplasms
  2 giant cockroaches
  33 goblins
  32 hobgoblins
  2 jackals (D:3)
  2 quokkas
  4 ball pythons
  3 frilled lizards
  7 kobolds
  3 rats
153 creatures vanquished.

Vanquished Creatures (collateral kills)
  2 orcs (D:4)
  An endoplasm (D:4)
3 creatures vanquished.

Vanquished Creatures (others)
  3 plants (D:2)
3 creatures vanquished.

Grand Total: 159 creatures vanquished

Notes
Turn   | Place    | Note
-------+----------+-------------------------------------------
     0 | D:5      | Reached skill level 9 in Stealth
     0 | D:5      | flotson the Gnoll Delver began the quest for the Orb.
     0 | D:5      | Reached XP level 1. HP: 23/23 MP: 1/1
    29 | D:5      | Reached XP level 2. HP: 29/29 MP: 2/2
   160 | D:4      | Found a staircase to the Ecumenical Temple.
   166 | Temple   | Entered the Ecumenical Temple
   174 | Temple   | Became a worshipper of Warmaster Okawaru
   517 | D:4      | Reached skill level 1 in Invocations
   517 | D:4      | Reached XP level 3. HP: 35/35 MP: 2/4
   642 | D:2      | Reached skill level 1 in Short Blades
   642 | D:2      | Reached skill level 1 in Long Blades
   642 | D:2      | Reached skill level 1 in Axes
   642 | D:2      | Reached skill level 1 in Maces & Flails
   642 | D:2      | Reached skill level 1 in Staves
   642 | D:2      | Reached skill level 1 in Slings
   642 | D:2      | Reached skill level 1 in Bows
   642 | D:2      | Reached skill level 1 in Crossbows
   642 | D:2      | Reached skill level 1 in Throwing
   642 | D:2      | Reached skill level 1 in Armour
   642 | D:2      | Reached skill level 1 in Shields
   642 | D:2      | Reached skill level 1 in Unarmed Combat
   642 | D:2      | Reached skill level 1 in Spellcasting
   642 | D:2      | Reached skill level 1 in Evocations
   642 | D:2      | Reached XP level 4. HP: 39/41 MP: 5/5
   933 | D:2      | Noticed Jessica
   949 | D:2      | Killed Jessica
   950 | D:2      | Reached skill level 1 in Conjurations
   950 | D:2      | Reached skill level 1 in Hexes
   950 | D:2      | Reached skill level 1 in Summonings
   950 | D:2      | Reached skill level 1 in Necromancy
   950 | D:2      | Reached skill level 1 in Translocations
   950 | D:2      | Reached skill level 1 in Transmutations
   950 | D:2      | Reached skill level 1 in Fire Magic
   950 | D:2      | Reached skill level 1 in Ice Magic
   950 | D:2      | Reached skill level 1 in Air Magic
   950 | D:2      | Reached skill level 1 in Earth Magic
   950 | D:2      | Reached skill level 1 in Poison Magic
  1093 | D:2      | Noticed Natasha
  1123 | D:2      | Killed Natasha
  1124 | D:2      | Reached XP level 5. HP: 27/47 MP: 5/7
  1713 | D:1      | Found a faded altar of an unknown god.
  2131 | D:2      | Noticed Terence
  2143 | D:2      | Killed Terence
  2143 | D:2      | Reached * piety under Okawaru
  2647 | D:2      | Noticed Natasha
  2655 | D:2      | Killed Natasha
  2758 | D:2      | Noticed Natasha
  2764 | D:2      | Killed Natasha
  2765 | D:2      | Reached XP level 6. HP: 41/53 MP: 8/8
  3903 | D:3      | Found a runed translucent door.
  3905 | D:3      | Noticed Crazy Yiuf
  3918 | D:3      | Killed Crazy Yiuf
  4093 | D:3      | Reached skill level 5 in Polearms
  4093 | D:3      | Reached skill level 5 in Dodging
  4304 | D:3      | Found a glowing silver altar of Zin.
  4304 | D:3      | Found a white marble altar of Elyvilon.
  5061 | D:4      | HP: 1/53 [hobgoblin/+0 club (5)]
  5122 | D:4      | Reached XP level 7. HP: 8/59 MP: 10/10
  6149 | D:4      | HP: 3/60 [gnoll/+0 halberd (12)]
  7192 | D:5      | Noticed Pikel
  7204 | D:5      | Slain by Pikel

Illustrated notes

Levels and vault maps discovered:
D:1:      lemuel_arrival_muddy, layout_loops_ring,
          ebering_ecumenical_altar_sacrificial, minivault_11
D:2:      cheibrodos_old_hovel, layout_loops_ring, uniq_jessica, uniq_terence,
          uniq_natasha
D:3:      layout_basic, gammafunk_temple_overflow_pools, minivault_26,
          kennysheep_nub, st_stairs_5, kennysheep_small_spiral,
          minmay_goblin_kobold_house, uniq_crazy_yiuf_cottage
D:4:      minmay_goblin_kobold_castle, layout_basic, minmay_temple_entry_hall
D:5:      layout_basic, grunt_temple_overflow_holy_war, serial_park_tiny_2,
          uniq_pikel
Temple:   compressed_dpeg_circular_temple

Skill      XL: |  1  2  3  4  5  6  7 |
---------------+----------------------+-----
Stealth        | |  9.9
Invocations    | 1 2 3 |  3.0
Short Blades   | 1 2 |  2.7
Long Blades    | 1 2 |  2.7
Axes           | 1 2 |  2.7
Maces & Flails | 1 2 |  2.7
Staves         | 1 2 |  2.7
Slings         | 1 2 |  2.7
Bows           | 1 2 |  2.7
Crossbows      | 1 2 |  2.7
Throwing       | 1 2 |  2.7
Armour         | 1 2 |  2.7
Shields        | 1 2 |  2.7
Unarmed Combat | 1 2 |  2.7
Spellcasting   | 1 2 |  2.7
Evocations     | 1 2 |  2.7
Conjurations   | 1 2 |  2.2
Hexes          | 1 2 |  2.2
Summonings     | 1 2 |  2.2
Necromancy     | 1 2 |  2.2
Translocations | 1 2 |  2.2
Transmutations | 1 2 |  2.2
Fire Magic     | 1 2 |  2.2
Ice Magic      | 1 2 |  2.2
Air Magic      | 1 2 |  2.2
Earth Magic    | 1 2 |  2.2
Poison Magic   | 1 2 |  2.2
Polearms       | 5 |  5.3
Dodging        | 5 |  5.3
Fighting       | 7 |  7.1

Action                   |  1- 3 |  4- 6 |  7- 9 || total
-------------------------+-------+-------+-------++-------
Melee: Spear             |    28 |    57 |       ||    85
       Bite              |       |    14 |    14 ||    28
       Hand axe          |       |    69 |       ||    69
       Quarterstaff      |       |    63 |    96 ||   159
       Mace              |       |     5 |       ||     5
       Whip              |       |       |    70 ||    70
 Fire: Hunting sling     |    12 |    71 |    22 ||   105
Throw: Boomerang         |       |     1 |       ||     1
       Dart              |       |       |     1 ||     1
  Use: Potion            |       |     2 |       ||     2
 Stab: Sleeping          |     2 |    19 |     2 ||    23
       Invisible         |       |       |     1 ||     1
Armor: Leather armour    |     8 |     6 |       ||    14
       Ring mail         |       |    41 |    50 ||    91
       Scale mail        |       |     7 |       ||     7
Dodge: Dodged            |    11 |   125 |   151 ||   287
Block: Buckler           |       |       |     9 ||     9

Table legend: (Time is in decaauts)
 A = Elapsed time spent in this place.
 B = Non-inter-level travel time spent in this place.
 C = Inter-level travel time spent in this place.
 D = Time resting spent in this place.
 E = Time spent auto-exploring this place.
 F = Levels seen in this place.
 G = Mean time per level.
                   A        B        C        D        E       F      G
               +--------+--------+--------+--------+--------+-----+--------+
         Total |   7248 |   7069 |    179 |    703 |   5043 |   6 | 1208.0 |
       Dungeon |   7232 |   7060 |    172 |    703 |   5043 |   5 | 1446.4 |
        Temple |     15 |      8 |      7 |      0 |      0 |   1 |   15.0 |
               +--------+--------+--------+--------+--------+-----+--------+

Top non-repeatable levels by time:
     D:4: 2589 daAuts
     D:2: 1994 daAuts
     D:3: 1448 daAuts
     D:1: 843 daAuts
     D:5: 355 daAuts
  Temple: 15 daAuts
